 Dungeon Crawl Stone Soup version 0.17.1-3-g152610e (webtiles) character file.

833 DeXoteric the Covert (level 7, 0/49 HPs)
             Began as a Vampire Assassin on Apr 25, 2016.
             Splashed by a jelly's acid (11 damage)
             ... on level 3 of the Dungeon.
             The game lasted 00:12:16 (4741 turns).

DeXoteric the Covert (Vampire Assassin)             Turns: 4741, Time: 00:12:16

Health: 0/49       AC:  0    Str: 10    XL:     7   Next: 65%
Magic:  7/7        EV: 11    Int: 14    God:
Gold:   242        SH:  0    Dex: 17    Spells: 0 memorised, 6 levels left

rFire  . . .     SeeInvis +     a - +2 dagger
rCold  + . .     Clarity  .     k - +0 leather armour
rNeg   + + .     SustAt   .     (no shield)
rPois  +         Gourm    .     (no helmet)
rElec  .         Spirit   .     d - +0 cloak
rCorr  .         Warding  .     (no gloves)
rMut   .         Stasis   .     (no boots)
MR     .....                    (no amulet)
Stlth  ++++++....               (no ring)
                                (no ring)

@: corroded equipment, regenerating slowly, not resistant to hostile
enchantments, very stealthy
A: fangs 3, see invisible, unbreathing
a: Bat Form


You were on level 3 of the Dungeon.
You were very thirsty.

You visited 2 branches of the dungeon, and saw 5 of its levels.

You collected 242 gold pieces.

Inventory:

Hand Weapons
 a - a +2 dagger (weapon)
 b - a +0 blowgun
Missiles
 e - 8 poisoned needles
 f - 2 curare-tipped needles
Armour
 c - a +0 robe
 d - a +0 cloak (worn)
 k - a +0 leather armour (worn)
Jewellery
 l - an uncursed ring of poison resistance {unknown}
Scrolls
 i - 3 scrolls of remove curse
 o - a scroll of recharging {unknown}
 q - a scroll of enchant weapon {unknown}
 r - a scroll of fear {unknown}
 s - a scroll of teleportation {unknown}
 t - a scroll of immolation {unknown}
 v - a scroll of random uselessness {unknown}
 w - 2 scrolls of amnesia {unknown}
 y - 6 scrolls of identify
 A - a scroll of fog {unknown}
Potions
 g - 9 potions of blood
 h - 2 potions of flight
 j - 2 potions of heal wounds {unknown}
 m - 3 potions of curing {unknown}
 n - 4 potions of resistance {unknown}
 p - 2 potions of magic {unknown}
 u - a potion of lignification {unknown}
 x - a potion of brilliance {unknown}
 z - a potion of poison {unknown}
 B - a potion of might {unknown}


   Skills:
 - Level 1.7 Fighting
 + Level 6.9 Short Blades
 - Level 1.5 Throwing
 - Level 1.1 Dodging
 + Level 11.1 Stealth


You had 6 spell levels left.
You didn't know any spells.

Dungeon Overview and Level Annotations

Branches:
Dungeon (4/15)             Temple (1/1) D:4

Altars:
Ashenzari
Elyvilon
Gozag
Kikubaaqudgha
Makhleb
Nemelex Xobeh
Okawaru
Qazlal
Ru
Trog
Vehumet
Xom
Zin
The Shining One

Annotations:
D:3 volde25's ghost, amateur DsGl


Innate Abilities, Weirdness & Mutations

You heal slowly.
You have razor-sharp teeth.
You have supernaturally acute eyesight.
You can survive without breathing.


Message History

You take 2 damage, and have 29/49 hp.
Your leather armour prevents you from hitting the jelly.
The jelly hits you.
You are splashed with acid!
The acid corrodes you!
The acid burns!
* * * LOW HITPOINT WARNING * * *
You take 10 damage, and have 19/49 hp.
MASSIVE DAMAGE!!
You hit the jelly.
Your hands burn!
* * * LOW HITPOINT WARNING * * *
The jelly closely misses you.
You take 1 damage, and have 18/49 hp.
You hit the jelly.
Your hands burn!
* * * LOW HITPOINT WARNING * * *
You take 5 damage, and have 13/49 hp.
You are too injured to fight recklessly!
You are too injured to fight recklessly!
You are too injured to fight recklessly!
The jelly hits you.
* * * LOW HITPOINT WARNING * * *
You are splashed with acid!
The acid burns!
You die...

#.###.# #.#.#.#
###.#.#.#
......#.#
#######.#
........# ###
......##########.#
...............J.#
......##########V#
......# #.#
......# #.#
......# #.#
......# #.#
......# #.#
).....# #.#
####### #.# >#####
#.#


You could see a jelly.

Vanquished Creatures
  Sigmund (D:2)
  A phantom (D:4)
  A giant frog (D:4)
  Blork the orc (D:4)
  2 scorpions (D:4)
  A hound (D:4)
  An orc priest (D:4)
  A worker ant (D:4)
  Natasha (thrice) (D:2)
  An iguana (D:4)
  2 orc wizards (D:4)
  6 adders
  2 oozes
  2 worms
  A giant gecko (D:2)
  9 orcs (D:4)
  6 bats
  3 giant cockroaches
  9 hobgoblins
  2 jackals (D:1)
  6 kobolds
  2 quokkas (D:2)
  A ball python (D:3)
  3 giant newts
  6 goblins
  7 rats
80 creatures vanquished.

Notes
Turn   | Place    | Note
--------------------------------------------------------------
     0 | D:1      | DeXoteric the Vampire Assassin began the quest for the Orb.
     0 | D:1      | Reached XP level 1. HP: 16/16 MP: 1/1
    15 | D:1      | Reached skill level 6 in Stealth
    96 | D:1      | Reached XP level 2. HP: 20/22 MP: 2/2
   697 | D:2      | Reached XP level 3. HP: 25/27 MP: 3/3
   731 | D:2      | Noticed Sigmund
   738 | D:2      | Killed Sigmund
   738 | D:2      | Reached skill level 8 in Stealth
   738 | D:2      | Reached XP level 4. HP: 33/33 MP: 4/4
   738 | D:2      | Reached XP level 5. HP: 38/38 MP: 5/5
   900 | D:2      | Found an ancient bone altar of Kikubaaqudgha.
   926 | D:2      | Noticed Natasha
   936 | D:2      | Killed Natasha
   942 | D:2      | Noticed Natasha
   948 | D:2      | Killed Natasha
   948 | D:2      | Reached skill level 5 in Short Blades
  1577 | D:2      | Noticed Natasha
  1581 | D:2      | Killed Natasha
  1950 | D:3      | Reached XP level 6. HP: 44/44 MP: 6/6
  2351 | D:3      | Reached skill level 9 in Stealth
  2743 | D:3      | Noticed volde25's ghost (amateur DsGl)
  2743 | D:4      | Found a staircase to the Ecumenical Temple.
  2824 | D:4      | Found a sacrificial altar of Ru.
  3028 | Temple   | Entered the Ecumenical Temple
  3084 | D:4      | Reached skill level 10 in Stealth
  3084 | D:4      | Reached XP level 7. HP: 25/49 MP: 7/7
  3423 | D:4      | HP: 2/49 [scorpion (8)]
  4140 | D:4      | Noticed Blork the orc
  4147 | D:4      | Killed Blork the orc
  4236 | D:4      | Reached skill level 11 in Stealth
  4741 | D:3      | Splashed by a jelly's acid

Action                   |  1- 3 |  4- 6 |  7- 9 || total
-------------------------+-------+-------+-------++-------
Melee: Dagger            |    53 |   124 |    51 ||   228
 Abil: End Transformatio |       |     1 |     3 ||     4
       Bat Form          |       |     1 |     3 ||     4
  Use: Scroll            |       |     3 |       ||     3
       Potion            |       |       |     2 ||     2
 Stab: Sleeping          |    14 |    18 |     9 ||    41
       Distracted        |       |     1 |     1 ||     2
